cohdb
Replays
Latest Replays
All Replays
Popular Replays
Top Player Replays
Match Explorer
How It Works
Community
CoH3 Stats
Reddit
Sign in to upload your games and track your stats! →
Sign in with Steam
Match 38681270
Unlisted
Match 38681270
Overview
Messages
Build Orders
End
Construct Section Command Post
Vickers Machine Gun Team
Infantry Section
Infantry Section
Dingo Light Scout Car
Construct Platoon Command Post
Selects Air and Sea Battlegroup
Selects Commando Section Paradrop
Selects Commando Support Section Paradrop
Commando Support Section Paradrop
Construct Company Command Post
Construct Company Command Post
Selects Supply Surplus
Construct Resource Cache
Crusader II Medium Tank
Foot Guards Section
Construct Field Infirmary
Construct Resource Cache
Infantry Training
Selects Centaur Medium Tank
Centaur Medium Tank
Royal Engineer Section
Matilda II Heavy Tank
Grenade Package
Armored Vehicle Training
Unlock M3 Grant Medium Tanks
M3 Grant Medium Tank
M3 Grant Medium Tank
Selects Anti-tank Rocket Loiter
Selects Assault Flares
Assault Flares
Anti-tank Rocket Loiter
M3 Grant Medium Tank
M3 Grant Medium Tank
Construct Resource Cache
Anti-tank Rocket Loiter
M3 Grant Medium Tank
M3 Grant Medium Tank
只愛❤毛妹
nierenbrei
0
0
Comments
sign in to comment!
No comments posted yet!